 Dungeon Crawl Stone Soup version 0.21-a0-331-gfb491b4 (webtiles) character file.

29 Teflin the Chopper (level 3, 28/29 HPs)
             Began as a Demonspawn Monk on Oct 2, 2017.
             Quit the game on level 2 of the Dungeon.
             The game lasted 00:01:06 (739 turns).

Teflin the Chopper (Demonspawn Monk)                 Turns: 739, Time: 00:01:06

Health: 28/29      AC:  2    Str: 12    XL:     3   Next: 1%
Magic:  3/3        EV: 13    Int: 11    God:
Gold:   81         SH:  4    Dex: 15    Spells: 2/2 levels left

rFire    . . .     SeeInvis .   a - +0 hand axe
rCold    . . .     Gourm    .   (no shield)
rNeg     . . .     Faith    .   b - +0 robe
rPois    .         Spirit   .   (helmet restricted)
rElec    .         Reflect  +   (no cloak)
rCorr    .         Harm     .   (no gloves)
MR       .....                  (no boots)
Stlth    ++........             i - +4 amulet of reflection
HPRegen  0.09/turn              (no ring)
MPRegen  0.08/turn              (no ring)

@: no status effects
A: antennae 1, demonic guardian 1
a: no special abilities


You were on level 2 of the Dungeon.
You were not hungry.

You visited 1 branch of the dungeon, and saw 2 of its levels.

You collected 81 gold pieces.

Inventory:

Hand Weapons
 a - a +0 hand axe (weapon)
Armour
 b - a +0 robe (worn)
Jewellery
 i - a +4 amulet of reflection (around neck)
Scrolls
 e - a scroll of noise {unknown}
 f - a scroll of remove curse {unknown}
 g - a scroll of fear {unknown}
 k - a scroll of teleportation {unknown}
 n - a scroll of random uselessness {unknown}
Potions
 d - a potion of invisibility {unknown}
 h - 3 potions of curing {unknown}
 j - a potion of lignification {unknown}
 l - a potion of heal wounds {unknown}
 o - a potion of cancellation {unknown}
Comestibles
 c - 2 bread rations
 m - a meat ration


   Skills:
 - Level 3.0 Fighting
 + Level 3.8 Axes
 - Level 2.6 Dodging
 - Level 1.7 Stealth


You had 2 spell levels left.
You didn't know any spells.

Dungeon Overview and Level Annotations

Branches:
Dungeon (2/15)

Altars:


Innate Abilities, Weirdness & Mutations

You have a pair of small antennae on your head.
A weak demonic guardian rushes to your aid.


Message History

The bat is moderately wounded.
The bat hits you but does no damage. The bat barely misses you.
The bat hits you. The bat completely misses you.
You hit the bat.
The bat is heavily wounded.
The bat hits you but does no damage. You block the bat's attack.
The bat closely misses you.
You closely miss the bat.
The bat is heavily wounded.
The bat misses you. The bat hits you.
You slash the bat!
You kill the bat!
You have reached level 3!
Your experience leads to an increase in your attributes!
Increase (S)trength, (I)ntelligence, or (D)exterity?
You feel stronger.
Your demonic ancestry asserts itself...
A pair of antennae grows on your head!
o - a lumpy coppery potion Are you sure you want to abandon this character and quit the game? (Confirm with "yes".)

#.# ###.# ##.#.#
###.%..####
......... #.....## #
#.########.#.#.##.##
#......<..†.@.......
#.#####.##.#.#....##
#...##.....###
#.#.#.##.##.#
##...##### # #.# #.#
...


There were no monsters in sight!

Vanquished Creatures
  A dart slug (D:1)
  A ball python (D:1)
  2 giant cockroaches (D:1)
  4 goblins (D:1)
  4 hobgoblins (D:1)
  A kobold (D:1)
  5 bats
  3 frilled lizards
  4 rats
25 creatures vanquished.

Notes
Turn   | Place    | Note
-------+----------+-------------------------------------------
     0 | D:1      | Teflin the Demonspawn Monk began the quest for the Orb.
     0 | D:1      | Reached XP level 1. HP: 18/18 MP: 1/1
   230 | D:1      | Gained mutation: A weak demonic guardian rushes to your aid. [demonic ancestry]
   230 | D:1      | Reached XP level 2. HP: 21/24 MP: 2/2
   622 | D:1      | You fall through a shaft!
   735 | D:2      | Gained mutation: You have a pair of small antennae on your head. [demonic ancestry]
   735 | D:2      | Reached XP level 3. HP: 28/29 MP: 3/3
   739 | D:2      | Quit the game

Vault maps used:
D:1:      ncdulo_smallfort
D:2:      st_stairs_6, uniq_crazy_yiuf_cottage

Skill      XL: |  1 |
---------------+----+-----
Axes           | 3 |  3.8
Fighting       | |  3.0
Dodging        | |  2.6
Stealth        | |  1.7

Action                   || total
-------------------------++-------
Melee: Hand axe          ||    76
 Stab: Sleeping          ||     8
Armor: Robe              ||    19
Dodge: Dodged            ||    48
Block: Other             ||     9

Table legend:
 A = Spawn XP
 B = Non-spawn XP
 C = Spawn XP percentage of total XP
 D = Spawn monster count
 E = Non-spawn monster count
 F = Spawn count percentage of total count
 G = Total turns spent on level
                    A         B        C        D         E        F      G
               +---------+---------+-------+---------+---------+-------+---------
         Total |       0 |      42 |   0.0 |       0 |      25 |   0.0 |   739
               +---------+---------+-------+---------+---------+-------+---------
           D:1 |       0 |      37 |   0.0 |       0 |      21 |   0.0 |   686
           D:2 |       0 |       5 |   0.0 |       0 |       4 |   0.0 |    53
               +---------+---------+-------+---------+---------+-------+---------
